 Dungeon Crawl Stone Soup version 0.17-a0-2127-g1cb09f6 (webtiles) character file.

134 SlimeFever the Sneak (level 4, -4/30 HPs)
             Began as a Vampire Enchanter on Oct 22, 2015.
             Slain by a gnoll (8 damage)
             ... on level 2 of the Dungeon.
             The game lasted 00:16:22 (1707 turns).

SlimeFever the Sneak (Vampire Enchanter)            Turns: 1707, Time: 00:16:22

Health: -4/30      AC:  4    Str:  7    XL:     4   Next: 95%
Magic:  1/8        EV: 12    Int: 17    God:
Gold:   88         SH:  4    Dex: 15    Spells: 3 memorised, 2 levels left

rFire  . . .     SeeInvis +     a - +1 dagger
rCold  + . .     Clarity  +     b - +1 robe
rNeg   + . .     SustAt   .     f - +1 buckler
rPois  .         Gourm    .     (no helmet)
rElec  .         Spirit   .     (no cloak)
rCorr  .         Warding  .     (no gloves)
rMut   .         Stasis   .     (no boots)
MR     .....                    (no amulet)
Stlth  +++.......               (no ring)
                                m - ring of protection from cold

@: not resistant to hostile enchantments, fairly stealthy
A: fangs 3, talons 1, molten scales 1, see invisible, clarity, high mp 1,
unbreathing, no device heal 1
a: Bat Form


You were on level 2 of the Dungeon.
You were not thirsty.

You visited 1 branch of the dungeon, and saw 2 of its levels.

You collected 88 gold pieces.

Inventory:

Hand Weapons
 a - a +1 dagger (weapon)
 h - a +0 short sword
Missiles
 e - 27 poisoned needles
 n - 4 tomahawks (quivered)
Armour
 b - a +1 robe (worn)
 f - a +1 buckler (worn)
Jewellery
 m - a ring of protection from cold (left hand)
Scrolls
 g - a scroll of blinking {unknown}
 i - 2 scrolls of identify
Potions
 d - a potion of blood
 j - a potion of degeneration {unknown}
 k - a potion of curing
 l - a potion of heal wounds {unknown}
 p - a potion of flight {unknown}
Books
 c - a book of Maledictions

   Spells                             Type                      Level
   a - Corona                         Hexes                        1
   b - Ensorcelled Hibernation        Hexes/Ice                    2
   c - Confuse                        Hexes                        3
   d - Tukima's Dance                 Hexes                        3
   e - Dazzling Spray                 Conjuration/Hexes            3


   Skills:
 * Level 2.6 Short Blades
 + Level 3.1 Dodging
 + Level 5.7 Stealth
 + Level 2.6 Spellcasting
 + Level 4.9 Hexes
 + Level 0.6 Ice Magic


You had 2 spell levels left.
You knew the following spells:

 Your Spells              Type           Power        Failure   Level  Hunger
a - Corona                Hex            ###....      4%          1    #......
b - Ensorcelled Hibernat  Hex/Ice        ##....       17%         2    ##.....
c - Tukima's Dance        Hex            ###.....     14%         3    ###....


Dungeon Overview and Level Annotations

Branches:
Dungeon (2/15)

Altars:


Innate Abilities, Weirdness & Mutations

You have razor-sharp teeth.
You have supernaturally acute eyesight.
You can survive without breathing.
You have sharp toenails.
You are partially covered in molten scales (AC +1).
You possess an exceptional clarity of mind.
You have an increased reservoir of magic (+10% MP).
Potions and wands are less effective at restoring your health.


Message History

Aiming: Corona
Press: ? - help, Shift-Dir - straight line, f/p - gnoll
Aim: a gnoll (chance to defeat MR: 66%)
The gnoll is outlined in light.
You hit the gnoll. Your kick misses the gnoll.
The gnoll is heavily wounded.
You hit the gnoll but do no damage. You claw the gnoll, but do no damage.
The gnoll is heavily wounded.
The gnoll hits you.
* * * LOW HITPOINT WARNING * * *
You hit the gnoll but do no damage.
The gnoll is heavily wounded.
The gnoll barely misses you.
You hit the gnoll but do no damage.
The gnoll is moderately wounded.
The gnoll barely misses you.
You barely miss the gnoll. Your kick misses the gnoll.
The gnoll is moderately wounded.
The gnoll hits you!
You die...

#################
#####.........g.....#############
........#.#...#####.##..))......#
#####.#.[..†)..####.##.########.#
# #.###.....(g@......# #.# #
#..........####.#### #.#
#########.#...## #.# #######.#
gg........##### #.# #.......#
########### #######.# #.#######
#.......# #.# ####### #.#######
#.# ## ##.....# #[# #.# .#
#...#..# #.# #.#


You could see a gnoll and a friendly club.

Vanquished Creatures
  3 gnolls (D:2)
  5 adders (D:2)
  An ooze (D:1)
  3 worms (D:2)
  A giant gecko (D:1)
  2 bats (D:1)
  3 giant cockroaches
  4 hobgoblins
  4 kobolds
  A quokka (D:2)
  A giant newt (D:2)
  8 goblins
  6 jackals (D:2)
  3 rats (D:2)
45 creatures vanquished.

Notes
Turn   | Place    | Note
--------------------------------------------------------------
     0 | D:1      | SlimeFever the Vampire Enchanter began the quest for the Orb.
     0 | D:1      | Reached XP level 1. HP: 13/13 MP: 3/3
   187 | D:1      | Reached XP level 2. HP: 16/19 MP: 5/5
   195 | D:1      | Learned a level 2 spell: Ensorcelled Hibernation
   822 | D:2      | Gained mutation: You are partially covered in molten scales (AC +1). [potion of mutation]
   822 | D:2      | Gained mutation: You possess an exceptional clarity of mind. [potion of mutation]
   822 | D:2      | Gained mutation: Potions and wands are less effective at restoring your health. [potion of mutation]
   823 | D:2      | Gained mutation: You have an increased reservoir of magic (+10% MP). [potion of mutation]
   823 | D:2      | Gained mutation: You have sharp toenails. [potion of mutation]
   867 | D:2      | Reached XP level 3. HP: 15/24 MP: 3/6
  1098 | D:2      | Reached skill level 5 in Stealth
  1380 | D:2      | Reached XP level 4. HP: 23/30 MP: 8/8
  1470 | D:2      | Found a faded altar to an unknown god.
  1636 | D:2      | Learned a level 3 spell: Tukima's Dance
  1682 | D:2      | HP: 1/30 [gnoll/whip (2)]
  1707 | D:2      | Slain by a gnoll

Vault maps used:
D:1:      zaba_arrival_water, corexii_leaking_fountain, roderic_roman_lattice
D:2:      ecumenical_altar_1

Action                   |  1- 3 |  4- 6 || total
-------------------------+-------+-------++-------
Melee: Dagger            |   111 |    45 ||   156
 Cast: Corona            |    10 |     5 ||    15
       Ensorcelled Hiber |     7 |     4 ||    11
       Tukima's Dance    |       |     3 ||     3
  Use: Scroll            |     7 |     1 ||     8
       Potion            |     2 |     1 ||     3
 Stab: Sleeping          |    15 |     3 ||    18
  Eat: Corpse            |     8 |       ||     8
